 Dungeon Crawl Stone Soup version 0.17-a0-989-gada8a91 (webtiles) character file.

2825 Sixotanaka the Covert (level 9, 0/35 HPs)
             Began as a Felid Transmuter on May 11, 2015.
             Was a Priest of Dithmenos.
             Slain by a basilisk (7 damage)
             ... on level 1 of the Lair of Beasts on May 12, 2015.
             The game lasted 00:58:04 (16164 turns).

Sixotanaka the Covert (Felid Transmuter)           Turns: 16164, Time: 00:58:04

Health: 0/35       AC:  3    Str:  6    XL:     9   Next: 45%
Magic:  13/13      EV:  4    Int: 14    God:    Dithmenos [***...]
Gold:   578        SH:  0    Dex: 20    Spells: 4 memorised, 6 levels left
                                        Lives:  0   Deaths: 2

rFire  . . .     SeeInvis +       - Unarmed
rCold  + . .     Clarity  .     (armour unavailable)
rNeg   + + +     SustAb   .     (shield unavailable)
rPois  ∞         Gourm    .     (helmet unavailable)
rElec  .         Spirit   .     (cloak unavailable)
rCorr  .         Warding  .     (gloves unavailable)
rMut   .         Stasis   .     (boots unavailable)
MR     +....                    (no amulet)
Stlth  +++++++++.               H - +1 ring of protection
                                u - ring of protection from cold

@: appendage (expiring), petrified, wreathed by umbra, quick, somewhat resistant
to hostile enchantments, incredibly stealthy
A: no armour, no weapons or thrown items, claws 1, fangs 3, horns 2, see
invisible, carnivore 3, speed 1, shaggy fur 2, slow metabolism 1, sharp paws
a: End Transformation, Shadow Step, Renounce Religion


You were on level 1 of the Lair of Beasts.
You worshipped Dithmenos.
Dithmenos was most pleased with you.
You were completely stuffed.
You had grown temporary horns.
You visited 2 branches of the dungeon, and saw 11 of its levels.
You also visited: Ossuary.

You collected 611 gold pieces.
You spent 33 gold pieces at shops.


Innate Abilities, Weirdness & Mutations

You cannot wear armour.
You are incapable of wielding weapons or throwing items.
You have sharp claws.
You have razor-sharp teeth.
You have supernaturally acute eyesight.
You are carnivorous and can eat meat at any time.
You cover ground quickly.
You are covered in thick fur (AC +2).
You have a slow metabolism.
Your sharp claws are effective at attacking unaware monsters.
You have a pair of horns on your head.


   Skills:
 - Level 1.0 Fighting
 * Level 9.5 Dodging
 - Level 11.3 Stealth
 - Level 10.1 Unarmed Combat
 - Level 2.0 Spellcasting
 + Level 2.4 Hexes
 * Level 4.9 Transmutations


You had 6 spell levels left.
You knew the following spells:

 Your Spells              Type           Power        Failure   Level  Hunger
e - Apportation           Tloc           #.........   24%         1    ##.....
x - Ensorcelled Hibernat  Hex/Ice        #.....       24%         2    ###....
y - Sticks to Snakes      Trmt           ###.......   6%          2    ###....
z - Beastly Appendage     Trmt           ###...       3%          1    ##.....


Dungeon Overview and Level Annotations

Branches:
Dungeon (10/15)            Temple (0/1) D:6            Lair (1/8) D:10
    Orc: D:9-12

Altars:
Dithmenos
Elyvilon
Fedhas
Gozag
Nemelex Xobeh
Qazlal
Yredelemnul
The Shining One

Shops:
D:4 (   D:7 =   D:10 [

Annotations:
D:7 chequers's ghost, experienced MiBe
D:8 1 runed door, exclusion: yak, Erolcha

Inventory:

Missiles
 y - 20 arrows
Jewellery
 u - a ring of protection from cold (left paw)
 H - a +1 ring of protection (right paw)
 I - an uncursed amulet of rage {unknown}
Magical devices
 v - a wand of paralysis (7)
 x - a wand of magic darts (36)
Scrolls
 d - 5 scrolls of amnesia
 f - 8 scrolls of remove curse {@r2}
 j - 2 scrolls of fog {unknown}
 l - 6 scrolls of teleportation {unknown}
 m - 3 scrolls of recharging {unknown}
 r - 2 scrolls of immolation {unknown}
 s - a scroll of blinking {unknown}
 w - 2 scrolls of random uselessness {unknown}
 E - a scroll of magic mapping {unknown}
 J - a scroll of identify {@r1}
Potions
 a - a potion of heal wounds {@q2}
 e - 7 potions of haste {@q3}
 h - a potion of invisibility
 i - a potion of ambrosia {!q}
 o - a potion of flight {unknown}
 p - a potion of lignification {unknown}
 q - a potion of agility {unknown}
 z - a potion of brilliance {unknown}
 A - 3 potions of curing {@q1}
 D - a potion of cancellation {unknown}
 F - 2 potions of magic {unknown}
 G - 2 potions of berserk rage {unknown}
Books
 b - a book of Changes
 k - the Grimoire of the Frostbite and Translocation
   (You found it on level 10 of the Dungeon)

   Spells                             Type                      Level
   a - Apportation                    Translocation                1
   b - Throw Frost                    Conjuration/Ice              2
   c - Ensorcelled Hibernation        Hexes/Ice                    2
   d - Control Teleport               Charms/Translocation         4
   e - Condensation Shield            Ice                          4
   f - Ozocubu's Refrigeration        Ice                          6
 n - a book of Ice
Comestibles
 c - 5 meat rations
 g - a royal jelly
 t - a beef jerky
 B - 3 chunks of flesh
 C - a slice of pizza

#P...†%%...##
###..........
#P....P(%..#
#...(.....#
##...%.....#
#....#.#..##
#P.........#
#.##.##.#..#
......P..%P.# #....
#.#.##
P...####...#.#
...## ....# #P.#
###...####
#)#.#.##P.# #.
#.#.##H###..... #.
#....@S........
#...#.l.....#.#
.......##..#...#
.............#...#
.P#####..P.......#.
. #.##....#^...
#....###.## . #.
... #.


You could see a hippogriff, a basilisk (bleeding) and a water moccasin.


Message History

You see here a scale mail.
Found 25 gold pieces.
Found a fruit.
Found 2 fruits.
You now have 578 gold pieces (gained 25).
You see here 11 stones.
Found a fruit and 14 stones.
A water moccasin comes into view.
Found a fruit.
A water moccasin is nearby!
A black bear comes into view.
Found a hand crossbow and a fruit.
You found a teleport trap!
The helpless water moccasin fails to defend itself.
You eviscerate the water moccasin!!!!
You kill the water moccasin!
Dithmenos accepts your kill.
You see here a fruit.
Things that are here:
14 stones; a fruit The helpless black bear fails to defend itself.
You eviscerate the black bear!!!!
You kill the black bear!
Dithmenos accepts your kill.
No target in view!
You see here a black bear corpse.
You butcher the black bear corpse.
B - 3 chunks of flesh (gained 2)
You see here a fruit.
A basilisk comes into view.
A basilisk is nearby!
A basilisk is nearby!
The basilisk hisses angrily.
A water moccasin comes into view.
You scratch the basilisk.
The basilisk begins to bleed from its wounds!
You found a teleport trap!
The basilisk gazes at you. You resist with almost no effort.
You claw the basilisk!
The water moccasin hisses angrily.
The basilisk completely misses you.
A hippogriff comes into view.
The hippogriff screeches!
You claw the basilisk!
Casting: Ensorcelled Hibernation You grow a pair of large bovine horns.
The basilisk completely misses you.
You scratch the basilisk. The basilisk completely misses you.
You scratch the basilisk. You headbutt the basilisk.
The basilisk completely misses you.
You scratch the basilisk. Your headbutt misses the basilisk.
The water moccasin closely misses you. The basilisk completely misses you.
You scratch the basilisk. The water moccasin bites you.
The basilisk gazes at you.
You are slowing down.
The water moccasin closely misses you.
Your limbs are stiffening.
The water moccasin barely misses you.
You have turned to stone.
The water moccasin barely misses you. The basilisk bites you!
The water moccasin bites you! The basilisk bites you!
* * * LOW HITPOINT WARNING * * *
The hippogriff bites you!
* * * LOW HITPOINT WARNING * * *
The hippogriff pecks you but does no damage.
The hippogriff claws you. The water moccasin bites you.
* * * LOW HITPOINT WARNING * * *
The water moccasin bites you.
* * * LOW HITPOINT WARNING * * *
The basilisk bites you!
You die...

Action                   |  1- 3 |  4- 6 |  7- 9 || total
-------------------------+-------+-------+-------++-------
Melee: Unarmed           |   140 |   230 |   493 ||   863
 Cast: Beastly Appendage |    23 |    32 |    47 ||   102
       Sticks to Snakes  |       |    12 |    20 ||    32
       Ensorcelled Hiber |       |       |     6 ||     6
  Use: Potion            |       |     6 |     2 ||     8
       Scroll            |       |       |     6 ||     6
 Stab: Sleeping          |     5 |     8 |    36 ||    49
       Distracted        |     1 |       |    10 ||    11
       Invisible         |       |       |     8 ||     8
  Eat: Chunk             |    10 |    10 |    33 ||    53

Vault maps used:
D:1:      eino_arrival_water_cross, minivault_24, tso_metal_star
D:2:      minivault_5, uniq_natasha
D:3:      nicolae_overflow_hidden_temple, first_bread
D:4:      serial_shops, shop
D:5:      temple_statues, nicolae_ossuary_entry_ruins
D:6:      overflow_temple_1_default, nicolae_overflow_crystal_walls,
          minmay_temple_entry_overgrown, hangedman_minor_gate_pass
D:7:      lemuel_ratsnest, overflow_temple_1_default, serial_shops, shop
D:8:      grunt_temple_overflow_opulence, grunt_livestock, serial_bayou_pond_b,
          dk_yredelemnul_ordeal, uniq_erolcha
D:10:     lair_0_dummy, serial_shops, kennysheep_little_box, bh_circular_ruins
Lair:1:   special_room, lemuel_fruit_tree, lemuel_fruit_fields,
          infiniplex_staircase_pool
Ossuary:  ossuary_tomb_1

Notes
Turn   | Place    | Note
--------------------------------------------------------------
     0 | D:1      | Sixotanaka the Felid Transmuter began the quest for the Orb.
     0 | D:1      | Reached XP level 1. HP: 9/9 MP: 4/4
   184 | D:1      | Reached XP level 2. HP: 12/12 MP: 6/6
   573 | D:1      | Reached skill level 4 in Unarmed Combat
   662 | D:1      | Found a glowing golden altar of the Shining One.
   866 | D:1      | Reached XP level 3. HP: 12/15 MP: 5/7
  1520 | D:2      | Learned a level 2 spell: Sticks to Snakes
  1578 | D:2      | Noticed Natasha
  2264 | D:2      | Reached XP level 4. HP: 19/19 MP: 6/8
  2407 | D:3      | Reached skill level 5 in Unarmed Combat
  2717 | D:3      | Found a stormy altar of Qazlal.
  2806 | D:3      | Noticed Fiveotanaka's ghost (average GrEE)
  2874 | D:3      | HP: 4/19 [poisoned by a kobold]
  3715 | D:3      | Reached XP level 5. HP: 22/22 MP: 7/9
  3864 | D:4      | Found Kirotim's Weapon Shoppe.
  4031 | D:4      | HP: 3/22 [giant gecko (4)]
  4402 | D:4      | Reached skill level 1 in Stealth
  4402 | D:4      | Reached skill level 6 in Unarmed Combat
  4414 | D:4      | Noticed an ogre
  4847 | D:4      | Reached skill level 2 in Stealth
  4922 | D:5      | Entered Level 5 of the Dungeon
  4931 | D:5      | Found a staircase to the Ecumenical Temple.
  5093 | D:5      | Found a sand-covered staircase.
  5100 | Ossuary  | Entered an ossuary
  5119 | Ossuary  | Gained mutation: You are covered in thick fur (AC +2). [Felid growth]
  5119 | Ossuary  | Reached XP level 6. HP: 22/25 MP: 7/10
  5362 | Ossuary  | Reached skill level 3 in Stealth
  5442 | Ossuary  | HP: 1/25 [mummy (12)]
  5815 | Ossuary  | HP: 5/25 [mummy (17)]
  5823 | Ossuary  | Reached skill level 7 in Unarmed Combat
  6402 | D:5      | Reached skill level 4 in Stealth
  6570 | D:5      | Reached XP level 7. HP: 8/28 MP: 11/11
  7079 | D:6      | Reached skill level 8 in Unarmed Combat
  7257 | D:6      | Found a shadowy altar of Dithmenos.
  7269 | D:6      | Became a worshipper of Dithmenos the Shadowed
  7576 | D:6      | Reached skill level 5 in Stealth
  7837 | D:6      | Found a staircase to the Ecumenical Temple.
  7950 | D:6      | Found a blossoming altar of Fedhas.
  8139 | D:7      | Found a white marble altar of Elyvilon.
  8149 | D:7      | Reached XP level 8. HP: 14/32 MP: 6/12
  8159 | D:7      | HP: 8/32 [poisoned by a scorpion]
  8165 | D:7      | HP: 6/32 [poisoned by a scorpion]
  8173 | D:7      | HP: 5/32 [poisoned by a scorpion]
  8618 | D:7      | Reached skill level 6 in Stealth
  8618 | D:7      | Reached skill level 9 in Unarmed Combat
  9293 | D:7      | Found Wownypua's Jewellery Shop.
  9300 | D:7      | Bought a +1 ring of protection for 33 gold pieces
  9507 | D:7      | Noticed chequers's ghost (experienced MiBe)
  9536 | D:7      | HP: 8/32 [rat (3)]
  9831 | D:7      | Reached skill level 7 in Stealth
  9832 | D:7      | HP: 8/32 [river rat (7)]
  9832 | D:7      | HP: 3/32 [wight/enchanted great sword (5)]
  9836 | D:7      | Slain by a river rat
  9837 | D:7      | Reached XP level 7. HP: -2/28 MP: 11/11
 10175 | D:8      | Noticed a yak
 10189 | D:8      | Noticed a two-headed ogre
 10191 | D:8      | Killed a two-headed ogre
 10191 | D:8      | Reached skill level 10 in Unarmed Combat
 10191 | D:8      | Reached XP level 8. HP: 32/32 MP: 12/12
 10206 | D:8      | Found a sparkling altar of Nemelex Xobeh.
 10207 | D:8      | Found an opulent altar of Gozag.
 10227 | D:8      | Found a runed door.
 10227 | D:8      | Noticed a human
 10233 | D:8      | Found a basalt altar of Yredelemnul.
 10243 | D:8      | Reached skill level 3 in Dodging
 10310 | D:8      | Reached skill level 8 in Stealth
 10340 | D:8      | Noticed Erolcha
 10735 | D:9      | Reached skill level 4 in Dodging
 11061 | D:9      | Acquired Dithmenos's first power
 11241 | D:9      | Reached skill level 9 in Stealth
 11289 | D:9      | Noticed a two-headed ogre
 11544 | D:7      | Reached skill level 5 in Dodging
 12080 | D:5      | Reached skill level 6 in Dodging
 12515 | D:6      | Reached skill level 10 in Stealth
 12664 | D:6      | Reached XP level 9. HP: 35/35 MP: 11/13
 12930 | D:4      | Killed an ogre
 13131 | D:4      | Reached skill level 7 in Dodging
 13232 | D:3      | Acquired Dithmenos's second power
 13273 | D:3      | Killed Fiveotanaka's ghost
 13445 | D:2      | Killed Natasha
 13776 | D:2      | Noticed Natasha
 13790 | D:2      | Killed Natasha
 13790 | D:2      | Reached skill level 11 in Stealth
 13927 | D:2      | Noticed Natasha
 13934 | D:2      | Killed Natasha
 14757 | D:8      | Slain by Erolcha
 14758 | D:8      | Reached XP level 8. HP: -4/32 MP: 12/12
 14887 | D:10     | Entered Level 10 of the Dungeon
 14932 | D:10     | Reached skill level 8 in Dodging
 14991 | D:10     | Found a staircase to the Lair.
 15082 | D:10     | Reached skill level 3 in Transmutations
 15304 | D:10     | Reached XP level 9. HP: 21/35 MP: 1/13
 15457 | D:10     | Identified the Grimoire of the Frostbite and Translocation
 15461 | D:10     | Learned a level 2 spell: Ensorcelled Hibernation
 15463 | D:10     | Learned a level 1 spell: Apportation
 15513 | D:10     | Reached skill level 9 in Dodging
 15513 | D:10     | Reached skill level 4 in Transmutations
 15559 | D:10     | Reached skill level 1 in Hexes
 15842 | D:10     | Found Icouv's Antique Armour Shop.
 16104 | Lair:1   | Entered Level 1 of the Lair of Beasts
 16107 | Lair:1   | Reached skill level 2 in Hexes
 16164 | Lair:1   | HP: 7/35 [water moccasin (2)]
 16164 | Lair:1   | Slain by a basilisk

Vanquished Creatures
  A two-headed ogre (D:8)
  A steam dragon (D:10)
  3 yaks (D:10)
  A water moccasin (Lair:1)
  An orc warrior (D:9)
  3 ice beasts
  2 centaurs
  4 ogres
  A black bear (Lair:1)
  A necrophage (D:10)
  A big kobold (D:8)
  The ghost of Fiveotanaka the Digger, an average GrEE (D:3)
  5 giant frogs
  6 scorpions
  2 wights (D:7)
  3 crimson imps (D:6)
  9 hounds
  2 giant frog skeletons
  2 giant frog zombies
  4 human zombies (Ossuary)
  A centaur zombie (Ossuary)
  A quasit (D:10)
  A hell rat (D:7)
  2 jellies
  6 orc wizards
  2 gnoll shamans
  Natasha (thrice) (D:2)
  4 orc priests
  A human skeleton (D:8)
  8 worker ants
  7 iguanas
  A killer bee zombie (D:5)
  2 human simulacra (D:10)
  A hound skeleton (D:6)
  A mummy (Ossuary)
  2 worker ant zombies
  9 gnolls
  4 river rats (D:7)
  An adder (D:2)
  A shadow imp (D:9)
  An adder zombie (Ossuary)
  3 worms
  15 orcs
  A ball python (D:1)
  22 bats
  A bat skeleton (D:4)
  2 bat zombies
  9 giant cockroaches
  12 goblins
  8 hobgoblins
  3 jackals
  31 kobolds
  4 quokkas
  5 giant geckos
  3 giant gecko skeletons
  A giant gecko zombie (D:7)
  10 giant newts
  3 goblin zombies (Ossuary)
  8 hobgoblin zombies (Ossuary)
  2 jackal zombies (Ossuary)
  2 kobold skeletons (D:8)
  11 kobold zombies (Ossuary)
  7 orc zombies (Ossuary)
  21 rats
296 creatures vanquished.

Vanquished Creatures (collateral kills)
  A yak (D:10)
  A wight (D:7)
  A mummy (Ossuary)
  4 gnolls (D:3)
  A river rat (D:7)
  A giant gecko (D:4)
  3 orcs (D:3)
  A bat (D:3)
  2 hobgoblins (D:3)
  A kobold (D:3)
  A giant newt (D:3)
17 creatures vanquished.

Grand Total: 313 creatures vanquished
